 Dungeon Crawl Stone Soup version 0.26-a0-1222-g14533b3512 (webtiles) character file.

Game seed: 6691071574373424209

287 knot the Chopper (level 6, 70/70 HPs)
             Began as a Demonspawn Berserker on Dec 31, 2020.
             Was a Priest of Trog.
             Quit the game on level 4 of the Dungeon.
             The game lasted 00:03:52 (4460 turns).

knot the Chopper (Demonspawn Berserker)             Turns: 4460, Time: 00:03:53

Health: 70/70      AC:  8    Str: 17    XL:     6   Next: 8%
Magic:  6/6        EV: 12    Int: 10    God:    Trog [***...]
Gold:   76         SH:  0    Dex: 13    Spells: 5/5 levels left

rFire    . . .     SeeInvis .   a - +0 hand axe
rCold    . . .     Faith    .   (no shield)
rNeg     . . .     Spirit   .   b - +0 animal skin
rPois    .         Reflect  .   p - +0 helmet
rElec    .         Harm     .   j - +0 cloak
rCorr    .         Rampage  .   (no gloves)
Will     .....                  (no boots)
Stlth    ..........             (no amulet)
HPRegen  1.21/turn              o - +4 ring of protection
MPRegen  0.10/turn              (no ring)

@: berserking, very quick
A: hooves 1, powered by death 1
a: Renounce Religion, Berserk, Trog's Hand


You were on level 4 of the Dungeon.
You worshipped Trog.
Trog was most pleased with you.
You visited 1 branch of the dungeon, and saw 4 of its levels.

You collected 76 gold pieces.

Inventory:

Hand Weapons
 a - a +0 hand axe (weapon)
Missiles
 r - 10 poisoned darts
Armour
 b - a +0 animal skin (worn)
 j - a +0 cloak (worn)
 p - a +0 helmet (worn)
Jewellery
 o - a +4 ring of protection (left hand)
 u - an uncursed ring of ice
Scrolls
 c - a scroll of fear {unknown}
 d - 2 scrolls of blinking {unknown}
 e - 2 scrolls of teleportation {unknown}
 g - 2 scrolls of enchant armour {unknown}
 i - 3 scrolls of identify {unknown}
 k - a scroll of immolation {unknown}
 s - a scroll of fog {unknown}
 t - a scroll of noise {unknown}
Potions
 f - 2 potions of curing
 h - 3 potions of mutation {unknown}
 l - a potion of resistance {unknown}
 m - a potion of lignification {unknown}
 n - a potion of heal wounds {unknown}
 q - a potion of magic {unknown}


   Skills:
 - Level 3.0 Fighting
 + Level 6.3 Axes
 - Level 1.7 Armour
 - Level 1.7 Dodging


You had 5 spell levels left.
You didn't know any spells.
Your spell library was empty.

Dungeon Overview and Level Annotations

Branches:
Dungeon (4/15)
 Temple: D:4-7

Altars:


Innate Abilities, Weirdness & Mutations

You have large cloven feet.
You regenerate a little health from kills.


Message History

The scorpion barely misses you.
The leopard gecko bites you but does no damage.
You slash the scorpion!
The scorpion is severely wounded.
You hit the hound. You hit the leopard gecko.
You feel the power of Trog in you as your rage grows.
You kill the leopard gecko!
Trog accepts your kill. The scorpion barely misses you.
You slash the scorpion!
You feel the power of Trog in you as your rage grows.
You kill the scorpion!
Trog accepts your kill.
You hit the hound.
The hound bites you but does no damage. x2
You have reached level 6!
Your experience leads to an increase in your attributes!
Increase (S)trength, (I)ntelligence, or (D)exterity?
You feel clever.
Your demonic ancestry asserts itself...
Your feet thicken and deform.
Are you sure you want to abandon this character and quit the game? (Confirm with "yes".)

#.l..... ...........#
.#....... ......#..##
#.......# #....###..###
#.......# #..#..##....#
#.......##...#........#
#........###.....#....#
#.###...........###..###
.........†......#..>..#
.........h@..##..###..#
..............##.....).#
....#........###....####
....#.........#.....#
......####)........#
....# #....##...# ##..
##.#.###.## ## ##### ##


You could see a hound.

Vanquished Creatures
  A scorpion (D:4)
  A howler monkey (D:4)
  Robin (D:3)
  7 adders
  3 oozes
  2 worms (D:3)
  3 dart slugs
  2 leopard geckos
  An orc (D:3)
  A ball python (D:1)
  11 bats
  5 giant cockroaches
  19 goblins
  11 hobgoblins
  10 jackals
  6 frilled lizards
  10 kobolds
  11 rats
105 creatures vanquished.

Notes
Turn   | Place    | Note
-------+----------+-------------------------------------------
     0 | D:1      | knot the Demonspawn Berserker began the quest for the Orb.
     0 | D:1      | Reached XP level 1. HP: 18/18 MP: 1/1
    36 | D:1      | Reached skill level 3 in Axes
    40 | D:1      | Gained mutation: You regenerate a little health from kills.
                  | [demonic ancestry]
    40 | D:1      | Reached XP level 2. HP: 9/24 MP: 2/2
   680 | D:1      | Reached XP level 3. HP: 29/29 MP: 3/3
   694 | D:1      | Reached ** piety under Trog
   739 | D:1      | Reached skill level 4 in Axes
  1795 | D:2      | Reached XP level 4. HP: 35/35 MP: 4/4
  2145 | D:2      | Reached skill level 5 in Axes
  3050 | D:3      | Reached XP level 5. HP: 17/41 MP: 5/5
  3611 | D:3      | Reached *** piety under Trog
  3631 | D:3      | Noticed Robin
  3649 | D:3      | Killed Robin
  3836 | D:3      | Found a faded altar of an unknown god.
  4322 | D:4      | Reached skill level 6 in Axes
  4460 | D:4      | Gained mutation: You have large cloven feet. [demonic
                  | ancestry]
  4460 | D:4      | Reached XP level 6. HP: 47/47 MP: 6/6
  4460 | D:4      | Quit the game

Illustrated notes

Levels and vault maps discovered:
D:1:      mainiacjoe_arrival_reflecting_pool, layout_basic, minmay_tromino_i4
D:2:      layout_basic
D:3:      layout_basic, chequers_ecumenical_altar_grove, uniq_robin
D:4:      layout_cave_pools, minmay_temple_entry_enclosed_plants

Skill      XL: |  1  2  3  4  5 |
---------------+----------------+-----
Axes           | 3 4 5 6 |  6.3
Fighting       | |  3.0
Armour         | |  1.7
Dodging        | |  1.7

Action                   |  1- 3 |  4- 6 || total
-------------------------+-------+-------++-------
Melee: Hand axe          |   165 |   168 ||   333
Invok: Berserk           |     3 |     5 ||     8
 Stab: Sleeping          |     2 |     1 ||     3
Armor: Animal skin       |    39 |    42 ||    81
Dodge: Dodged            |   145 |   125 ||   270

Table legend: (Time is in decaauts)
 A = Elapsed time spent in this place.
 B = Non-inter-level travel time spent in this place.
 C = Inter-level travel time spent in this place.
 D = Time resting spent in this place.
 E = Time spent auto-exploring this place.
 F = Levels seen in this place.
 G = Mean time per level.
                   A        B        C        D        E       F      G
               +--------+--------+--------+--------+--------+-----+--------+
         Total |   4551 |   4447 |    104 |   1785 |   2012 |   4 | 1137.8 |
       Dungeon |   4551 |   4447 |    104 |   1785 |   2012 |   4 | 1137.8 |
               +--------+--------+--------+--------+--------+-----+--------+

Top non-repeatable levels by time:
     D:1: 1577 daAuts
     D:2: 1456 daAuts
     D:3: 1403 daAuts
     D:4: 114 daAuts
